[Event "Superbet Blitz Poland 2023"]
[Site "Warsaw"]
[Date "2023.05.25"]
[Round "13"]
[White "Giri, Anish"]
[Black "So, Wesley"]
[Result "0-1"]
[ECO "C54"]
[WhiteElo "2768"]
[BlackElo "2760"]
[Annotator "TA"]
[PlyCount "140"]
[EventDate "2023.05.24"]
[EventType "tourn"]
[EventCountry "POL"]
[SourceTitle "playchess.com"]
[Source "ChessBase"]
[SourceQuality "1"]
[TimeControl "300+2"]

1. e4 e5 2. Nf3 Nc6 3. Bc4 Nf6 4. d3 h6 5. O-O Bc5 6. c3 d6 7. Re1 (7. b4 $5 Bb6 $8 8. a4 $11) 7... O-O {[%emt 0:00:04] C54: Giuoco Piano: 4 c3 Nf6, main lines with 5 d4 and 5 d3.} 8. Nbd2 (8. b4 $5 Bb6 $8 9. Nbd2 $11) 8... a6 9. Nf1 Ba7 {[%emt 0:00:04] The position is equal.} 10. Ng3 Na5 11. Bb3 Nxb3 12. axb3 Re8 13. h3 d5 14. exd5 Qxd5 {[%emt 0:00:01] [#]} 15. Be3 $146 ({Predecessor:} 15. c4 Qd6 16. Be3 c5 17. Nh4 Bd7 18. Nhf5 Qc6 19. Qd2 Bxf5 20. Nxf5 Re6 21. Bxh6 gxh6 22. Qxh6 {1-0 Petkov,M (2510)-Savanovic,A (2386) Novi Sad Serbia op-A 2022 (3)}) 15... Bd7 (15... c5 $11) 16. b4 (16. c4 $16 Qd6 17. Bxa7 Rxa7 18. Qd2) 16... Bc6 (16... Bxe3 $11 {keeps the balance.} 17. Rxe3 Bc6) 17. Bxa7 (17. Ra5 $1 $16 b5 18. c4 (18. Rxa6 Bxe3 19. Rxa8 Bxf2+ 20. Kxf2 Bxa8 $15)) 17... Rxa7 $14 18. Re3 (18. Nf5 {looks sharper.} Qd7 19. g4 Qd5 20. Re3) 18... Raa8 19. Qe2 Re6 (19... e4 $1 $11 20. dxe4 Nxe4) 20. Re1 (20. Rxe5 Rxe5 21. Qxe5 Qb3 $11) (20. c4 $18 Qd6 21. Nxe5 (21. Rxe5 Rae8 $11)) 20... Rae8 $16 21. c4 (21. Rxe5 $2 Rxe5 22. Ne4 R5e6 $19) 21... Qd6 22. Nxe5 (22. Rxe5 $2 Bxf3 23. Rxe6 Rxe6 $19) 22... Qxb4 23. Nf5 ({Better is} 23. f4 $16) 23... Be4 $1 $14 24. dxe4 Rxe5 25. Qf3 (25. Ng3 $14) 25... Kh7 $11 26. b3 (26. Qg3 g6 27. Qh4 Ng8 $15) 26... a5 27. Qf4 Qb6 (27... a4 $5) 28. Kh1 ({But not} 28. Qg3 g6 29. Nh4 Rxe4 30. Rxe4 Rxe4 31. Rxe4 Nxe4 $17) 28... Ng8 (28... a4 $15) 29. Qg4 Qg6 30. Qe2 Nf6 31. Nh4 Qh5 32. Qxh5 Rxh5 33. Nf3 Rc5 34. e5 Nd7 35. e6 fxe6 36. Rxe6 Rxe6 37. Rxe6 $15 {[%emt 0:00:00][%mdl 4096] Endgame [#] KRN-KRN} a4 $1 {[%emt 0:00:06][%mdl 64] Deflection} 38. bxa4 Rxc4 39. a5 Nc5 40. Re7 Nd3 41. Re2 Ra4 42. Rd2 {[%emt 0:00:08] [#] White is on the road to losing.} ({White should play} 42. Re7 $15) 42... Nc5 $1 $17 {[%emt 0:00:01] Black is more active.} 43. g4 Rxa5 44. Kg2 (44. Nd4 $17) 44... b5 45. Rd5 (45. Rd8 $142) 45... b4 $19 {[%emt 0:00:02] ...b3 is the strong threat.} 46. Nd2 {[%emt 0:00:06] [#]} Nb3 $1 {[%emt 0:00:03][%mdl 576] Discovered Attack} 47. Rxa5 Nxa5 {[%emt 0:00:01] KN-KN} 48. Kf3 $2 (48. Ne4) 48... c5 {[%emt 0:00:04][%cal Bc7c5,Bc5c4,Bc4c3][%mdl 32] ...c4 would be deadly.} 49. Ke3 c4 {[%emt 0:00:02] Threatens to win with ...c3.} 50. Ne4 (50. Nf3 $142 Kg6 51. Nd4) 50... g5 51. Kd4 c3 {[%emt 0:00:01] aiming for ...c2.} 52. Kd3 Kg6 53. Ng3 Nc6 54. Nf5 Ne5+ 55. Kc2 h5 56. Ne7+ Kf7 57. Nd5 {[%emt 0:00:01] [#]} Nxg4 $1 58. hxg4 {[%emt 0:00:01] KN-KP} (58. f3 Nf2) 58... h4 59. Ne3 h3 60. Nf1 {[%emt 0:00:01] [#]} Ke6 $2 ({Black should try} 60... Kf6 $1 $19 61. f4 gxf4) 61. Kd3 $2 (61. f4 $15) 61... Ke5 {[%emt 0:00:01] Black mates.} 62. Nh2 Kf4 63. Kc2 Ke4 64. Kb3 Kd3 65. f4 c2 66. Kb2 Kd2 67. Nf1+ Kd1 68. Ne3+ Ke2 69. fxg5 h2 70. Nf5 Kd2 {[%emt 0:00:01] Weighted Error Value: White=0.54/Black=0.32} ({And not} 70... h1=R 71. Kxc2 b3+ 72. Kxb3 $11) 0-1

[Event "Superbet Blitz Poland 2023"]
[Site "Warsaw"]
[Date "2023.05.25"]
[Round "13"]
[White "Aronian, Levon"]
[Black "Vachier-Lagrave, Maxime"]
[Result "0-1"]
[ECO "B50"]
[WhiteElo "2745"]
[BlackElo "2742"]
[Annotator "TA"]
[PlyCount "46"]
[EventDate "2023.05.24"]
[EventType "tourn"]
[EventCountry "POL"]
[SourceTitle "playchess.com"]
[Source "ChessBase"]
[SourceQuality "1"]
[TimeControl "300+2"]

1. e4 c5 2. Nf3 d6 3. Be2 Nf6 4. Nc3 e5 5. Bc4 Be7 6. d3 {[%emt 0:00:01] B50: Sicilian: 2...d6, Miscellaneous.} Nc6 7. Bg5 Be6 8. Bxf6 {[%emt 0:00:08] The position is equal.} Bxf6 9. Nd5 O-O {[%emt 0:00:15] [#]} 10. a3 $146 ({Predecessor:} 10. O-O Rc8 11. c3 Na5 12. a3 Rb8 13. Ba2 b5 14. b4 Nc6 15. a4 a6 16. Re1 Bxd5 17. Bxd5 Ne7 18. Bb3 cxb4 19. cxb4 bxa4 20. Rxa4 Nc6 21. Rxa6 Nxb4 {½-½ Maylott,P (1973)-Vodicka,M (2223) VW-Cup10 Gr37 email 2017}) 10... Bg5 11. Nxg5 Qxg5 12. Ne3 Rad8 13. O-O Bc8 14. Kh1 Kh8 15. c3 f5 16. exf5 Ne7 17. Be6 Nxf5 18. Bxc8 Rxc8 19. Nxf5 Rxf5 20. Qa4 Qe7 (20... Qd2 $11) 21. Qxa7 $16 Rcf8 22. b4 (22. f3 $16) 22... Rxf2 $11 23. Kg1 {[%emt 0:00:02][%mdl 8192] [#]} (23. Rxf2 $11 Rxf2 24. Kg1) 23... Qf7 {[%emt 0:00:09] Weighted Error Value: White=0.42/Black=0.12 (very precise)} 0-1

[Event "Superbet Blitz Poland 2023"]
[Site "Warsaw"]
[Date "2023.05.25"]
[Round "13"]
[White "Rapport, Richard"]
[Black "Deac, Bogdan-Daniel"]
[Result "1-0"]
[ECO "D31"]
[WhiteElo "2745"]
[BlackElo "2700"]
[Annotator "TA"]
[PlyCount "47"]
[EventDate "2023.05.24"]
[EventType "tourn"]
[EventCountry "POL"]
[SourceTitle "playchess.com"]
[Source "ChessBase"]
[SourceQuality "1"]
[TimeControl "300+2"]

1. d4 d5 2. c4 e6 3. Nc3 Be7 4. cxd5 exd5 5. Bf4 c6 6. Qc2 {[%emt 0:00:10] D31: Queen's Gambit Declined: Semi-Slav without ...Nf6 (+ Marshall Gambit and Noteboom) and Exchange Variation lines without ...Nf6.} Nd7 7. e3 Nf8 8. Bd3 {[%emt 0:00:09] [#] White is slightly better.} g6 $146 ({Predecessor:} 8... Ne6 9. Be5 Nf6 10. Nf3 Bd6 {½-½ Arlandi,E (2425)-Mantovani,R (2343) ITA-chT 43rd 2011 (5)}) 9. Nf3 Ne6 10. Be5 Nf6 11. h4 Ng7 12. O-O-O O-O 13. Bxf6 Bxf6 {[%emt 0:00:02] [#]} 14. h5 $1 Nxh5 15. Rxh5 gxh5 $17 16. Bxh7+ {[%emt 0:00:05] [#]} Kg7 $1 17. Bf5 Bxf5 18. Qxf5 Qc8 19. Qd3 Qg4 20. Ne2 Rfe8 (20... Qxg2 $2 21. Rg1 $18) 21. Ng3 h4 ({Better is} 21... Rh8 $17 {Strongly threatening ...h4.} 22. Ne2 Qg6) 22. Nf5+ $11 Kf8 (22... Kh7 $5) 23. Ne5 {[%emt 0:00:01][%mdl 1024] White has compensation. A dynamic duo of knights.} Qg5 $2 (23... Bxe5 $2 24. Qa3+ c5 25. Qxc5+ Kg8 26. Nh6+ Kg7 27. Nxg4 $18) (23... Rxe5 $14 24. dxe5 Be7) 24. f4 {[%emt 0:00:05] Weighted Error Value: White=0.13 (very precise) /Black=0.18 (very precise)} 1-0

[Event "Superbet Blitz Poland 2023"]
[Site "Warsaw"]
[Date "2023.05.25"]
[Round "13"]
[White "Duda, Jan-Krzysztof"]
[Black "Shevchenko, Kirill"]
[Result "1-0"]
[ECO "A48"]
[WhiteElo "2724"]
[BlackElo "2684"]
[Annotator "TA"]
[PlyCount "79"]
[EventDate "2023.05.24"]
[EventType "tourn"]
[EventCountry "POL"]
[SourceTitle "playchess.com"]
[Source "ChessBase"]
[SourceQuality "1"]
[TimeControl "300+2"]

1. d4 Nf6 2. Nf3 g6 3. Bf4 Bg7 4. e3 b6 5. Be2 Bb7 6. h3 O-O 7. O-O d6 8. Bh2 {[%emt 0:00:10] A48: 1 d4 Nf6 2 Nf3 g6: Torre, London and Colle Systems.} Nbd7 9. a4 a6 10. Nbd2 {[%emt 0:00:24] The position is equal.} Ne4 {[%emt 0:00:07] is currently scoring better than 10...c5.} 11. Nxe4 Bxe4 12. Nd2 Bb7 13. c3 {[%emt 0:00:20] [#]} Nf6 $146 ({Predecessor:} 13... e5 14. Bf3 Qc8 15. Qb3 Kh8 16. Bd5 f5 17. Nf3 Bxd5 18. Qxd5 Nf6 19. Qc4 e4 {0-1 Yuffa,D (2594)-Demchenko,A (2641) ACP ChessBase KO blitz 2020 (2.2)}) 14. Bd3 Qc8 15. Qe2 Re8 16. f4 c5 17. f5 cxd4 18. exd4 Qc6 19. Rf2 Bh6 (19... e5 $1 $11 {keeps the balance.}) 20. Bf4 ({Better is} 20. Nc4 $16) 20... g5 $2 {[%emt 0:00:43] Loses the game.} (20... Bxf4 $11 {and Black stays safe.} 21. Rxf4 g5) 21. Be3 $18 {[%emt 0:00:10] [#] h4 would be deadly.} Kh8 22. Bc4 Rf8 (22... Kg8 {was called for.} 23. h4 d5) 23. h4 Rg8 24. Bxf7 Rg7 25. Be6 Rf8 26. Nf3 Ng4 (26... Qe8 $142 27. Nxg5 (27. Bxg5 Bxg5 28. hxg5 Bxf3 $18) 27... Bxg5 28. Bxg5 Ne4) 27. d5 Qe8 28. hxg5 Nxe3 29. gxh6 Rg4 30. Qxe3 Rf6 31. Rd1 Qh5 32. Rd4 {[%emt 0:00:02] Intending Rxg4 and mate.} Rxh6 {[%emt 0:00:01] [#]} 33. Qxh6 $3 Qxh6 34. Rxg4 Qc1+ 35. Kh2 (35. Rf1 $142 Qe3+ 36. Kh2 Qh6+ 37. Kg3 Qg7 38. Rxg7 Kxg7 39. Nd4 a5 40. f6+ exf6 41. Nf5+ Kf8 42. Rh1) 35... h6 36. Nd4 Qe3 37. Rf3 Qe5+ 38. Rfg3 h5 39. Rg8+ Kh7 40. Nf3 {[%emt 0:00:01] Weighted Error Value: White=0.13 (very precise) /Black=0.69} 1-0

[Event "Superbet Blitz Poland 2023"]
[Site "Warsaw"]
[Date "2023.05.25"]
[Round "14"]
[White "So, Wesley"]
[Black "Aronian, Levon"]
[Result "1/2-1/2"]
[ECO "E32"]
[WhiteElo "2760"]
[BlackElo "2745"]
[Annotator "TA"]
[PlyCount "82"]
[EventDate "2023.05.24"]
[EventType "tourn"]
[EventCountry "POL"]
[SourceTitle "playchess.com"]
[Source "ChessBase"]
[SourceQuality "1"]
[TimeControl "300+2"]

1. d4 Nf6 2. c4 e6 3. Nc3 Bb4 4. Qc2 O-O 5. e4 d5 6. e5 Ne4 7. Bd3 c5 $1 8. Nf3 {[%emt 0:00:02] 0-0 is the strong threat. E32: Nimzo-Indian: Classical (4 Qc2): 4...0-0.} cxd4 9. Nxd4 Nd7 10. Bf4 Qh4 11. g3 Qh5 12. O-O Bxc3 13. bxc3 g5 $1 ({Much less strong is} 13... Nxe5 14. Be2 Ng4 15. Bxg4 Qxg4 16. f3 $16) 14. cxd5 exd5 15. Be3 {[%emt 0:00:20] Hoping for f3.} Nxe5 {[%emt 0:00:03] A dynamic duo of knights.} 16. f3 {[%emt 0:00:02] Prevents Ng4} (16. Be2 {seems wilder.} g4 17. f3 gxf3 18. Nxf3 Bg4 19. Nxe5 Bxe2 20. Rf4) 16... Nxd3 17. Qxd3 Nd6 18. g4 Qg6 19. Qxg6+ fxg6 20. Bxg5 {[%emt 0:00:04] [#] Be7 would be deadly.} Rf7 {[%emt 0:00:01] Wards off Be7. Black is weak on the dark squares} 21. Rae1 Bd7 22. Re5 Nb5 23. Nxb5 Bxb5 24. Rf2 {[%emt 0:00:01] [#]} Bc6 $146 ({Predecessor:} 24... Rd7 25. Be3 Rc8 26. Bd4 a6 27. f4 Bd3 28. Re6 Kf7 29. Rf6+ Kg8 30. f5 {½-½ Wang,K (2378)-Shmeliov,D (2430) New York GM-B 2021 (6)}) 25. Be3 d4 26. Bxd4 Bxf3 27. h3 a6 28. a3 Bc6 29. Bc5 Rxf2 30. Kxf2 Re8 31. Rxe8+ Bxe8 $11 {[%emt 0:00:01][%mdl 4096] Endgame KB-KB} 32. g5 Kf7 33. Ke3 Ke6 34. Kd2 Kf5 35. h4 Kg4 36. Bf2 Kf3 37. Ke1 Bf7 38. Bd4 Kg3 39. Bf2+ Kf3 40. Bd4 Kg3 41. Bf2+ Kf3 {[%emt 0:00:00] Weighted Error Value: White=0.03 (flawless) /Black=0.04 (flawless)} 1/2-1/2

[Event "Superbet Blitz Poland 2023"]
[Site "Warsaw"]
[Date "2023.05.25"]
[Round "14"]
[White "Vachier-Lagrave, Maxime"]
[Black "Duda, Jan-Krzysztof"]
[Result "1-0"]
[ECO "B12"]
[WhiteElo "2742"]
[BlackElo "2724"]
[Annotator "TA"]
[PlyCount "97"]
[EventDate "2023.05.24"]
[EventType "tourn"]
[EventCountry "POL"]
[SourceTitle "playchess.com"]
[Source "ChessBase"]
[SourceQuality "1"]
[TimeControl "300+2"]

1. e4 c6 2. d4 d5 3. e5 Bf5 4. h4 h5 5. c4 e6 6. Nc3 dxc4 7. Bxc4 Nd7 8. Nge2 Nb6 9. Bb3 Ne7 {[%emt 0:00:04] B12: Caro-Kann: Advance Variation.} 10. Bg5 Qd7 11. Ng3 Bg6 {[%emt 0:00:08] The position is equal.} 12. O-O Nf5 13. Nxf5 Bxf5 14. Qd2 Be7 15. Rad1 f6 16. exf6 gxf6 17. Bf4 Nd5 (17... Kf7 {with more complications.} 18. Rfe1 Rag8 19. a3 Rg4) 18. Nxd5 {[%emt 0:00:05] [#]} exd5 $146 ({Predecessor:} 18... cxd5 19. Rc1 Bd8 20. Qb4 a5 21. Qc5 b6 22. Qc3 Rg8 23. Bd1 Bg4 24. f3 Bf5 {1-0 Belaska,P (2230)-Stluka,P (2295) CZE-chT2b 9596 1995}) 19. Rde1 Kf7 20. Re3 a5 (20... Rae8 $14) 21. a3 $16 {[%emt 0:00:18] White is more active.} a4 ({Black should try} 21... Rae8) 22. Rfe1 Rhe8 (22... Bxa3 $16 23. Bxd5+ (23. bxa3 axb3 24. Rxb3 Rae8 $11) 23... cxd5 24. bxa3 Rhe8) 23. Bd1 $18 Bg6 24. Bc2 f5 25. g3 (25. Be5 $142) 25... b5 (25... Bf8 $142 26. Rxe8 Rxe8 27. Rxe8 (27. Bxa4 Rxe1+ 28. Qxe1 Bg7 $18) 27... Qxe8 28. Bxa4 Kg8) 26. Be5 Kg8 27. Rf3 {[%emt 0:00:20] Black is weak on the dark squares} Kh7 {[%emt 0:00:01] Prevents Qh6+} 28. Qf4 {[%emt 0:00:02] [#] aiming for g4.} Rf8 29. Rfe3 (29. g4 $18 {is the precise move to win.} hxg4 30. Rfe3) 29... Rf7 $2 {[%emt 0:00:01] A mistake that costs the game.} (29... Rae8 $16 {is a better defense.} 30. R1e2 Bd8) 30. Qf3 $40 {[%emt 0:00:09][%mdl 128] White is out for blood.} (30. g4 $142) 30... Rg8 {[%emt 0:00:01] Against Bb8} (30... Re8 $142 31. Qf4 Rff8) 31. Kh2 Bf8 32. Bf4 {[%emt 0:00:14][%cal Be5f4,Bf4g5,Bg5e7][%mdl 32] [#] Hoping for Re6.} Bg7 $2 (32... Re7 {was necessary.} 33. Rxe7+ Bxe7 34. Bxf5 {[%mdl 64] Deflection} Qxf5 35. Rxe7+ Rg7) 33. Bg5 {[%emt 0:00:01] Re7 is the strong threat.} Rgf8 34. Re7 Qc8 35. Qf4 Kg8 36. Qd6 Rxe7 $2 (36... Kh7 37. R1e6 Rxe7 38. Bxe7 Re8 39. Rxg6 Rxe7) 37. Bxe7 Qe8 38. Re3 Bxd4 39. Bxf8 Bxe3 40. fxe3 Qxe3 41. Qxg6+ Kxf8 42. Qxf5+ Ke8 43. Qxh5+ Kd7 44. Qf5+ Ke8 45. h5 Qd2+ 46. Kh3 {[%emt 0:00:01] White mates.} Qc1 47. Kg4 d4 48. Qe6+ Kd8 49. Qd6+ {[%emt 0:00:01] Weighted Error Value: White=0.33/Black=0.69} 1-0

[Event "Superbet Blitz Poland 2023"]
[Site "Warsaw"]
[Date "2023.05.25"]
[Round "14"]
[White "Deac, Bogdan-Daniel"]
[Black "Giri, Anish"]
[Result "0-1"]
[ECO "D04"]
[WhiteElo "2700"]
[BlackElo "2768"]
[Annotator "TA"]
[PlyCount "98"]
[EventDate "2023.05.24"]
[EventType "tourn"]
[EventCountry "POL"]
[SourceTitle "playchess.com"]
[Source "ChessBase"]
[SourceQuality "1"]
[TimeControl "300+2"]

1. d4 d5 2. Nf3 Nf6 3. e3 Bf5 4. Bd3 Bg6 5. Ne5 Bxd3 6. cxd3 {[%emt 0:00:01] [#] D04: Colle System.} Nbd7 $146 ({Predecessor:} 6... c6 7. O-O g6 8. Nd2 Bg7 9. f4 Nfd7 10. Ndf3 O-O 11. b3 a5 12. Bb2 a4 {1-0 Zancas Vidal,F (2027)-Echarri Torres,M (2139) Barcelona Sants op 11th 2009 (6)}) 7. Qb3 Rb8 8. Nd2 {[%emt 0:01:40] The position is equal.} e6 9. Ndf3 Be7 10. Bd2 O-O 11. Rc1 c5 12. Bc3 cxd4 13. Bxd4 Qa5+ 14. Ke2 Bd6 15. Rc2 Nxe5 16. Nxe5 Qd8 17. f4 a6 18. Rhc1 {[%emt 0:00:08] Hoping for Bb6.} Qe7 (18... Nd7 $11) 19. Bc5 $16 Nd7 20. Bxd6 Qxd6 21. Nxd7 Qxd7 22. Qb6 h6 23. Kf2 Rfc8 24. Rc7 Rxc7 25. Qxc7 $14 {[%emt 0:00:08][%mdl 4096] Endgame KQR-KQR} Qe8 26. a4 Rd8 27. a5 (27. b3 $5 ) 27... Rd7 28. Qc8 Rd8 29. Qxb7 Rb8 30. Qxa6 Rxb2+ 31. Kg3 Kh7 32. Qc6 $36 {[%emt 0:00:02][%mdl 2048] White is more active.} Qd8 33. a6 {[%emt 0:00:02] [#]} (33. Qc3 $1 $14 {stays ahead.} Qb8 34. a6) 33... Qf6 $2 (33... Qa5 $1 $17 {[%cal Ra5d2] ( -> ...Qd2)} 34. Rd1 Re2) 34. Rc2 $16 {[%emt 0:00:03] Strongly threatening Rxb2.} Qg6+ 35. Kf2 Rb1 36. Rc1 Rb2+ 37. Rc2 Rb1 38. Qc3 (38. a7 $16 Qxd3 39. Re2 (39. a8=B Rf1+ {[%mdl 64] Deflection} 40. Kg3 Qxe3+ 41. Kh4 Rxf4+ 42. g4 g5+ 43. Kh5 Qh3#)) 38... Qh5 {[%emt 0:00:03] And now ...Qh4+ would win.} 39. e4 $2 (39. Rc1 $11 {and White is okay.} d4 40. exd4 Rxc1 41. Qxc1) 39... Qh4+ $19 (39... Qxh2 $2 {too greedy.} 40. Kf3 $19) 40. Ke3 Qxh2 41. Qd2 {[%emt 0:00:02] [#]} Ra1 (41... Rf1 $1 $19 {and Black stays clearly on top. ...Qg1+ would be deadly.} 42. Kd4 Ra1) 42. exd5 $2 (42. Ra2 $17 Qg1+ 43. Qf2 (43. Kf3 Qb1 $17) 43... Qxf2+ 44. Rxf2) 42... Rxa6 (42... exd5 $19 {[%cal Oa1f1] is more deadly. White must now prevent ...Rf1!} 43. Qf2 Rxa6) 43. Qf2 (43. Rc6 $17 {only move.} Rxc6 44. dxc6 Qg1+ 45. Ke4) 43... exd5 44. f5 $2 (44. Re2) 44... Qe5+ 45. Kd2 d4 46. Qf3 Ra1 47. Qf2 {[%emt 0:00:01] Repels Qe1+} Rb1 48. g4 f6 49. Rc4 Qa5+ {[%emt 0:00:01] Weighted Error Value: White=0.69/Black=0.23 (precise)} 0-1

[Event "Superbet Blitz Poland 2023"]
[Site "Warsaw"]
[Date "2023.05.25"]
[Round "14"]
[White "Shevchenko, Kirill"]
[Black "Carlsen, Magnus"]
[Result "0-1"]
[ECO "C10"]
[WhiteElo "2684"]
[BlackElo "2853"]
[Annotator "TA"]
[PlyCount "114"]
[EventDate "2023.05.24"]
[EventType "tourn"]
[EventCountry "POL"]
[SourceTitle "playchess.com"]
[Source "ChessBase"]
[SourceQuality "1"]
[TimeControl "300+2"]

1. e4 c5 2. c3 d5 3. exd5 Qxd5 4. d4 Nf6 5. Nf3 e6 6. Na3 Qd8 7. Nc4 Nc6 8. Nce5 Nxe5 9. Nxe5 a6 {[%emt 0:00:01] C10: French with 3 Nc3: Unusual Black 3rd moves and 3...dxe4.} 10. Be3 Qc7 11. Qa4+ Nd7 {[%emt 0:00:08] White has an edge.} 12. Bb5 cxd4 13. Bxd7+ Bxd7 14. Nxd7 (14. Qxd4 {keeps more tension.} Bb5 15. a4 Bd6 16. Nxf7 Kxf7 17. axb5 axb5 18. Rd1) 14... Qxd7 15. Qxd4 Qxd4 16. Bxd4 {[%emt 0:00:00] [#]} f6 $5 $146 {[%emt 0:00:02][%mdl 8] New and interesting.} ({Predecessor:} 16... Bd6 17. O-O-O Ke7 18. Rd3 Rac8 19. Rhd1 Rc6 20. g3 Rg8 21. Kc2 h5 {½-½ Khairullin,I (2543)-Najer,E (2648) RUS-ch Superfinal 2006 (4)}) 17. Ke2 Rc8 18. Rhd1 Be7 19. Be3 Rc7 20. a4 Kf7 21. a5 Ke8 $1 22. Ra4 Rd7 23. Bb6 {[%emt 0:00:09] Black must now prevent Rc4.} Rxd1 24. Kxd1 $11 {[%emt 0:00:00][%mdl 4096] Endgame KRB-KRB} Bd6 25. Ke2 Kd7 26. Rd4 {[%emt 0:00:06] Bc5 would be deadly.} e5 27. Rc4 Ke6 28. Kd3 f5 29. f3 Kd5 30. Rh4 Be7 31. Ra4 h5 32. Ra1 h4 33. c4+ Ke6 34. h3 Rh6 35. Re1 Rh8 36. Bc7 Bf6 37. Bxe5 Rd8+ (37... Bxe5 $5 38. f4 $8 {[%mdl 64] Pin} Rd8+ 39. Kc2 Rd4 40. Rxe5+ (40. fxe5 $2 Rxc4+ 41. Kd3 Ra4 $19) 40... Kf6 $11) 38. Kc2 {[%emt 0:00:08] Threatens to win with Bc7+.} (38. Bd4+ $2 Kf7 39. Kc2 Rxd4 $19) 38... Bxe5 {[%emt 0:00:02] KRB-KR} 39. f4 {[%emt 0:00:01][%mdl 64] Pin} Rd4 {[%emt 0:00:01][%csl LRc4,LRf4][%mdl 64] Double Attack} 40. Rxe5+ {[%emt 0:00:03] KR-KR} (40. fxe5 $2 {too greedy.} Rxc4+ 41. Kd3 Ra4 $19) 40... Kf6 41. Kc3 Rxf4 42. Re2 g5 {[%emt 0:00:03] Strongly threatening ...g4.} 43. Kb4 $2 {[%emt 0:00:01][%mdl 8192] [#]} (43. b4 $11) 43... g4 $1 $19 44. hxg4 fxg4 45. Kc5 $2 (45. Re8 g3 46. Rh8) 45... g3 ({Worse is} 45... h3 46. gxh3 gxh3 47. Rh2 $11) 46. Re8 Rf2 47. Rh8 Kg5 ({Stronger than} 47... Rxb2 48. Rxh4 Rxg2 49. Rg4 $17) (47... Rxg2 $142 48. Rxh4 Rxb2) 48. Rg8+ Kf4 49. Rh8 Ke3 50. b4 {[%emt 0:00:03] [#]} Rxg2 $2 (50... Rf4 $1 $19 51. Rd8 h3 52. gxh3 Rf6) 51. Rxh4 $11 Rc2 52. Kb6 Kf3 {[%emt 0:00:09] ...g2 is the strong threat.} (52... g2 $5 53. Rg4 $8 Kf3 54. Rxg2 Rxg2 55. Kxb7 Rg7+ 56. Kxa6 Ke4 $11) 53. Rh8 $2 (53. Rh3 $11) 53... Rxc4 $19 54. Kxb7 Rxb4+ 55. Kxa6 g2 {[%emt 0:00:01] Black mates.} 56. Rh3+ Kg4 57. Rh8 Kg3 {[%emt 0:00:01] Weighted Error Value: White=0.57/Black=0.34} (57... g1=R $2 58. Rg8+ {[%mdl 64] Skewer} Kf5 59. Rxg1 $18) 0-1

[Event "Superbet Blitz Poland 2023"]
[Site "Warsaw"]
[Date "2023.05.25"]
[Round "14"]
[White "Wojtaszek, Radoslaw"]
[Black "Rapport, Richard"]
[Result "0-1"]
[ECO "A67"]
[WhiteElo "2670"]
[BlackElo "2745"]
[Annotator "TA"]
[PlyCount "160"]
[EventDate "2023.05.24"]
[EventType "tourn"]
[EventCountry "POL"]
[SourceTitle "playchess.com"]
[Source "ChessBase"]
[SourceQuality "1"]
[TimeControl "300+2"]

1. d4 Nf6 2. c4 c5 3. d5 e6 4. Nc3 exd5 5. cxd5 d6 6. e4 g6 7. f4 Bg7 8. Bb5+ Nfd7 9. Nf3 a6 10. Bd3 b5 11. O-O O-O 12. a3 Re8 {[%emt 0:00:09] A67: Modern Benoni: Taimanov Variation.} 13. Kh1 Ra7 14. Bd2 Nf6 {[%emt 0:00:06] [#] The position is equal.} 15. f5 $146 ({Predecessor:} 15. b4 Nbd7 16. Rc1 Rc7 17. Bb1 cxb4 18. axb4 Nb6 19. Be3 Nc4 20. Bg1 Nh5 21. Ne2 {0-1 Gonzalez Garcia,J (2494)-Lie,K (2493) Olympiad-37 Turin 2006 (2)}) 15... b4 (15... Nbd7 $11) 16. axb4 $14 cxb4 17. Nb5 (17. Ne2 $1 $16) 17... Rae7 (17... Rb7 $5 18. Nbd4 Nxe4 $15) 18. Nxd6 Qxd6 $19 19. e5 Rxe5 (19... Qxd5 20. exf6 Bxf6 21. Bxb4 $11) 20. Nxe5 Qxe5 21. Re1 Qxd5 22. Rxe8+ Nxe8 23. Qe2 Nd6 (23... Bxb2 24. Qxe8+ Kg7 25. Bxb4 $18 (25. Qxc8 $2 Bxa1 26. f6+ Bxf6 $17) (25. fxg6 hxg6 26. Rd1 Bb7 $16)) ({Better is} 23... Nf6 $1 $19 {aiming for ...Nc6.} 24. fxg6 hxg6 25. Bxb4 Be6) 24. fxg6 $17 hxg6 (24... Bxb2 25. gxf7+ Kxf7 26. Rf1+ Bf6 27. Bxb4 $16) 25. Bxb4 Be6 (25... Bd7 $17 26. Rd1 Nf5) 26. Rd1 (26. Bxg6 $1 $15 fxg6 27. Rd1) 26... Nc6 $1 27. Bxg6 Qc4 {[%emt 0:00:16] Really sharp!} (27... Nxb4 28. Rxd5 Nxd5 29. Qxa6 fxg6 30. Qxd6 $16) 28. Bh7+ {[%emt 0:00:24][%mdl 64] Decoy} Kxh7 29. Qh5+ Kg8 30. Bxd6 Bxb2 {[%emt 0:00:32] This pair of bishops is nice.} (30... Qb3 $17 31. Ba3 Qa4) 31. Qg5+ $11 Bg7 32. Bf8 $1 {[%emt 0:00:13][%csl Gf8][%cal Rg5g7][%mdl 64] Decoy, Back Rank} Qg4 $1 (32... Kxf8 $2 {is a self mate.} 33. Rd8+ Nxd8 34. Qxd8#) 33. Qxg7+ Qxg7 34. Bxg7 Kxg7 35. Rd6 Nb4 36. Rb6 a5 37. Rb5 Nc6 38. Rc5 Bd7 39. Rc4 Kf6 (39... Nb4 $5 40. Rf4 Kg6 $17) 40. Kg1 Ne5 41. Rc5 a4 {[%emt 0:00:03] Strongly threatening ...a3.} 42. Ra5 Nc4 43. Ra6+ Ke5 44. h4 ({White has to play} 44. Ra7 $15 Ke6 45. Kf2) 44... a3 $19 45. h5 Be6 (45... Bf5 $1 $19 {is more deadly.} 46. h6 Bd3) 46. Kf2 $2 (46. h6 $17 Bf5 47. Kf2) 46... Kf6 47. g4 Kg5 48. Kg3 Bxg4 49. h6 {[%emt 0:00:04] h7 is the strong threat.} Bf5 50. Ra4 Nd6 (50... Ne3 $142 {And now ...Nc2 would win.} 51. Rxa3 Ng4) 51. Rxa3 {[%emt 0:00:01] [#]} Bg6 $1 ({Inferior is} 51... Kxh6 52. Ra6 $11) 52. Ra6 $2 {[%emt 0:00:03] [#]} (52. Kf3 {keeps fighting.}) 52... Nf5+ $1 53. Kf3 $2 (53. Kf2 Nxh6 54. Ke3) 53... Nxh6 54. Ra5+ f5 55. Rb5 Bh5+ 56. Kg3 Ng4 {[%emt 0:00:01] Hoping for ...Nf6.} 57. Ra5 Nf6 58. Re5 Ne4+ 59. Kg2 Kg4 60. Ra5 f4 61. Ra3 Bf7 62. Rd3 Ng5 63. Rd4 Bg6 64. Kf2 Be4 65. Ra4 Nh3+ 66. Kf1 Bf3 67. Ra7 Kg3 {[%emt 0:00:01] ( -> ...Bg2+)} 68. Ra3 Ng5 69. Ra7 Bg4 {[%emt 0:00:01] Black mates.} 70. Ra5 Ne4 71. Ra2 f3 72. Rb2 Bh3+ 73. Kg1 Be6 (73... f2+ 74. Rxf2 Nxf2 $11) 74. Rg2+ Kf4 75. Rb2 Ke3 76. Kf1 Bc4+ 77. Ke1 Kf4 ({Weaker is} 77... f2+ 78. Rxf2 Nxf2 $11) 78. Rc2 Bd3 79. Ra2 Kg3 80. Rb2 f2+ {[%emt 0:00:02] Weighted Error Value: White=0.57/Black=0.35} 0-1